 Dungeon Crawl Stone Soup version 0.27.1-15-g792fb953b9 (webtiles) character file.

Game seed: 980964425622851581

304 pkoi the Digger (level 6, 0/49 HPs)
             Began as a Deep Dwarf Earth Elementalist on Nov 19, 2021.
             Succumbed to Duvessa's poison
             ... on level 4 of the Dungeon.
             The game lasted 00:06:12 (3604 turns).

pkoi the Digger (Deep Dwarf Earth Elementalist)     Turns: 3604, Time: 00:06:13

Health: 0/49       AC:  3    Str: 12    XL:     6   Next: 15%
Magic:  1/9        EV: 13    Int: 23    God:
Gold:   194        SH:  0    Dex: 13    Spells: 3/9 levels left

rFire    . . .     SeeInvis .   h - +0 hand axe (flame)
rCold    . . .     Faith    .   (no shield)
rNeg     . . .     Spirit   .   b - +1 robe
rPois    .         Reflect  .   (no helmet)
rElec    .         Harm     .   (no cloak)
rCorr    .         Rampage  .   (no gloves)
Will     .....                  (no boots)
Stlth    ++........             (no amulet)
HPRegen  0.00/turn              i - +6 ring of intelligence
MPRegen  0.11/turn              (no ring)

@: lethally poisoned (0 -> -16)
A: damage resistance, heal wounds, sense surroundings 1, no regeneration
a: Heal Wounds


You were on level 4 of the Dungeon.
You visited 1 branch of the dungeon, and saw 4 of its levels.
You also visited: Ossuary.

You collected 194 gold pieces.

Inventory:

Hand Weapons
 h - a +0 hand axe of flaming (weapon)
 k - a +1 whip of venom
Missiles
 c - 22 stones
Armour
 b - a +1 robe (worn)
Jewellery
 i - a +6 ring of intelligence (left hand)
Wands
 l - a wand of paralysis (7)
Scrolls
 f - a scroll of enchant armour
 g - a scroll of fear
 p - a scroll of fog
 t - a scroll of teleportation
Potions
 a - 3 potions of curing
 d - a potion of might
 m - a potion of mutation


   Skills:
 + Level 3.0 Axes
 + Level 4.1 Dodging
 - Level 2.4 Stealth
 - Level 2.0 Spellcasting
 + Level 1.8 Conjurations
 - Level 1.2 Transmutations
 + Level 5.8 Earth Magic


You had 3 spell levels left.
You knew the following spells:

 Your Spells              Type           Power      Damage    Failure   Level
a - Sandblast             Erth           58%        2d13      1%          1
b - Passwall              Tmut/Erth      15%        N/A       4%          2
c - Stone Arrow           Conj/Erth      40%        3d9       8%          3

Your spell library contained the following spells:

 Spells                   Type           Power      Damage    Failure   Level
 Animate Skeleton         Necr           4%         N/A       13%         1
 Pain                     Necr           8%         1d4       13%         1
 Vampiric Draining        Necr           1%         2d6       36%         3
 Petrify                  Tmut/Erth      18%        N/A       30%         4


Dungeon Overview and Level Annotations

Branches:
Dungeon (4/15)            Ossuary (visited)
 Temple: D:4-7

Altars:
Uskayaw

Annotations:
D:4 Dowan, Duvessa


Innate Abilities, Weirdness & Mutations

You are resistant to damage.
You can heal yourself by infusing magical energy.
You passively map a small area around you.
You do not regenerate.


Message History

You are poisoned.
The blast of sand hits Duvessa.
Duvessa is moderately wounded.
Dowan, Brother of Duvessa comes into view.
He is wielding a +0 dagger and wearing a +2 robe of willpower.
Duvessa misses you.
The blast of sand hits Duvessa.
Duvessa is heavily wounded.
Dowan gestures at Duvessa while chanting.
Duvessa seems to speed up.
Duvessa closely misses you.
The blast of sand hits Duvessa!
Duvessa is severely wounded.
Duvessa hits you with a +2 rapier of venom.
You are more poisoned.
Dowan gestures wildly while chanting.
Dowan blinks!
Duvessa completely misses you.
The blast of sand hits Duvessa but does no damage.
Duvessa is severely wounded.
Dowan hits you with a +0 dagger.
Duvessa hits you with a +2 rapier of venom!
You are more poisoned.
Aiming: Sandblast (safe; 1% risk of failure)
Press: ? - help, Q - select action, (/) - cycle Shift-Dir - straight line, f/p - Duvessa
Aim: Duvessa, wielding a +2 rapier of venom and wearing a +1 leather armour of fire resistance (severely wounded, fast, 83% to hit)
The blast of sand hits Duvessa but does no damage.
Duvessa is severely wounded.
You feel extremely sick.
Duvessa hits you with a +2 rapier of venom!
* * * LOW HITPOINT WARNING * * *
You are more poisoned.
Dowan hits you with a +0 dagger.
* * * LOW HITPOINT WARNING * * *
Duvessa hits you with a +2 rapier of venom!
* * * LOW HITPOINT WARNING * * *
Unknown command.
Aiming: Sandblast (safe; 1% risk of failure)
Press: ? - help, Q - select action, (/) - cycle Shift-Dir - straight line, f/p - Duvessa
Aim: Duvessa, wielding a +2 rapier of venom and wearing a +1 leather armour of fire resistance (severely wounded, fast, 83% to hit)
The blast of sand hits Duvessa.
Duvessa is almost dead.
You die...

##### #####...#######
..#............ *
#.#.##.##'##..# *
#.#.##.#...#..#
#.###.#.##.+...#..#
#>.........#...#...
#######.#.##.##'##.##
#..e@e..#............
#.###################
, * ,


You could see Duvessa (fast) and Dowan.

Vanquished Creatures
  A phantom (D:3)
  An orc priest (D:3)
  Ijyb (D:3)
  A mummy (Ossuary)
  Robin (D:4)
  5 adders
  A worm (D:3)
  A dart slug (D:3)
  3 orcs (D:3)
  A spectral bat (Ossuary)
  7 ball pythons
  3 bats (D:2)
  2 bat simulacra (Ossuary)
  5 endoplasms
  A giant cockroach (D:1)
  12 gnoll zombies (Ossuary)
  6 goblins
  7 hobgoblins
  2 quokkas
  3 frilled lizards
  A goblin simulacrum (Ossuary)
  6 goblin zombies (Ossuary)
  4 hobgoblin zombies (Ossuary)
  4 kobolds
  6 kobold simulacra (Ossuary)
  5 kobold zombies (Ossuary)
  3 orc zombies (Ossuary)
  12 rats
  5 rat simulacra (Ossuary)
  3 spectral kobolds (Ossuary)
  2 spectral rats (Ossuary)
115 creatures vanquished.

Vanquished Creatures (others)
  2 plants (D:3)
2 creatures vanquished.

Grand Total: 117 creatures vanquished

Notes
Turn   | Place    | Note
-------+----------+-------------------------------------------
     0 | D:1      | pkoi the Deep Dwarf Earth Elementalist began the quest for
                  | the Orb.
     0 | D:1      | Reached XP level 1. HP: 15/15 MP: 3/3
    91 | D:1      | Reached skill level 1 in Transmutations
   521 | D:1      | Reached XP level 2. HP: 22/22 MP: 2/4
  1011 | D:2      | Reached XP level 3. HP: 25/28 MP: 0/6
  1122 | D:2      | Found a hide-covered altar of Uskayaw.
  1156 | D:2      | Reached skill level 1 in Axes
  1780 | D:3      | Learned a level 2 spell: Passwall
  1784 | D:3      | Learned a level 3 spell: Stone Arrow
  1821 | D:3      | Reached skill level 5 in Earth Magic
  1821 | D:3      | Reached XP level 4. HP: 32/36 MP: 4/7
  2159 | D:3      | Noticed a phantom
  2451 | D:3      | Killed a phantom
  2452 | D:3      | Reached skill level 1 in Conjurations
  2452 | D:3      | Reached XP level 5. HP: 38/42 MP: 3/8
  2725 | D:3      | Noticed Ijyb
  2730 | D:3      | Killed Ijyb
  2918 | D:4      | Noticed Robin
  2942 | D:4      | Killed Robin
  2960 | D:4      | Found a sand-covered staircase.
  2965 | Ossuary  | Entered an ossuary
  3138 | Ossuary  | Reached XP level 6. HP: 29/46 MP: 7/9
  3592 | D:4      | Noticed Duvessa
  3599 | D:4      | Noticed Dowan
  3604 | D:4      | Succumbed to Duvessa's poison

Illustrated notes

Levels and vault maps discovered:
D:1:      ebering_hopf_link, layout_loops_ring, grunt_decor_mini_mirrors,
          dk_noncrumbling_2
D:2:      layout_rooms, basic_altar, minmay_hedge_maze,
          minmay_fractal_squares_gapless_5
D:3:      layout_basic, serial_bayou_pond_c, uniq_ijyb
D:4:      layout_basic, enter_ossuary_2, st_stairs_8, uniq_edmund, uniq_robin,
          uniq_duvessa

Skill      XL: |  1  2  3  4  5  6 |
---------------+-------------------+-----
Transmutations | 1 |  1.2
Spellcasting   | 2 |  2.0
Axes           | 1 2 3 |  3.0
Dodging        | 3 4 |  4.1
Earth Magic    | 5 |  5.8
Conjurations   | 1 |  1.8
Stealth        | |  2.4

Action                   |  1- 3 |  4- 6 || total
-------------------------+-------+-------++-------
Melee: Hand axe          |     4 |   130 ||   134
 Cast: Sandblast         |    54 |    65 ||   119
  Use: Scroll            |     6 |     4 ||    10
       Potion            |       |     6 ||     6
 Stab: Sleeping          |       |     7 ||     7
Armor: Robe              |     2 |    42 ||    44
Dodge: Dodged            |    12 |    88 ||   100
